 Dungeon Crawl Stone Soup version 0.30-a0-737-gf23d94013f (webtiles) character file.

Game seed: 15821552240414919752

37 MethHeadLuigi the Grave Robber (level 3, 0/24 HPs)
             Began as a Human Necromancer on Feb 2, 2023.
             Slain by an adder (2 damage)
             ... on level 2 of the Dungeon.
             The game lasted 00:09:54 (1025 turns).

MethHeadLuigi the Grave Robber (Human Necromancer)  Turns: 1025, Time: 00:09:54

Health: 0/24       AC:  2    Str:  8    XL:     3   Next: 62%
Magic:  1/6        EV: 12    Int: 17    God:
Gold:   95         SH:  0    Dex: 13    Spells: 5/6 levels left

rFire   . . .      SeeInvis .    f - +0 dagger
rCold   . . .      Faith    .    (no shield)
rNeg    . . .      Spirit   .    a - +0 robe
rPois   .          Reflect  .    (no helmet)
rElec   .          Harm     .    (no cloak)
rCorr   .          Rampage  .    (no gloves)
Will    .....                    (no boots)
Stlth   ++                       (no amulet)
HPRegen 0.24/turn                (no ring)
MPRegen 0.10/turn                (no ring)

@: no status effects
A: no striking features
a: no special abilities


You were on level 2 of the Dungeon.
You visited 1 branch of the dungeon, and saw 2 of its levels.

You collected 95 gold pieces.

Inventory:

Hand Weapons
 f - a +0 dagger (weapon)
Missiles
 d - 20 stones
Armour
 a - a +0 robe (worn)
Scrolls
 g - a scroll of identify {unknown}
 h - a scroll of torment {unknown}
 k - a scroll of enchant armour {unknown}
Potions
 b - a potion of magic
 c - a potion of degeneration {unknown}
 e - a potion of cancellation {unknown}
 i - a potion of attraction {unknown}
 j - 2 potions of curing {unknown}


   Skills:
 + Level 0.1 Short Blades
 + Level 2.0 Dodging
 + Level 2.0 Stealth
 + Level 2.3 Spellcasting
 + Level 4.8 Necromancy


You had 5 spell levels left.
You knew the following spells:

 Your Spells              Type           Power      Damage    Failure   Level
a - Necrotise             Necr           72%        1d7       2%          1

Your spell library contained the following spells:

 Spells                   Type           Power      Damage    Failure   Level
 Vampiric Draining        Necr           18%        2d7       8%          3
 Animate Dead             Necr           18%        N/A       26%         4
 Agony                    Necr           18%        N/A       56%         5


Dungeon Overview and Level Annotations

Branches:
Dungeon (2/15)

Altars:


Message History

Nothing appears to happen.
The adder bites you.
You hit the adder but do no damage.
The adder is heavily wounded.
The adder closely misses you.
You hit the adder but do no damage. Your punch misses the adder.
The adder is heavily wounded.
The adder bites you.
You are poisoned.
The adder poisons you! The adder closely misses you.
You closely miss the adder.
The adder is heavily wounded.
You feel sick. The adder misses you.
You miss the adder.
The adder is heavily wounded.
You feel sick. The adder barely misses you.
You hit the adder but do no damage.
The adder is heavily wounded.
You feel sick. The adder closely misses you. The adder misses you.
You hit the adder.
The adder is severely wounded.
You feel sick. The adder bites you.
Your magical contamination has completely faded away.
You hit the adder but do no damage.
The adder is severely wounded.
You feel sick. The adder bites you but does no damage.
You hit the adder.
The adder is almost dead.
You feel sick. The adder bites you.
* * * LOW HITPOINT WARNING * * *
You barely miss the adder.
The adder is almost dead.
You feel sick.
You are no longer poisoned.
The adder bites you.
* * * LOW HITPOINT WARNING * * *
The adder closely misses you.
You barely miss the adder.
The adder is almost dead.
The adder bites you.
You die...

#####.#.#. .... ..
........#.#.#.#...
.....#.......#..# #
#..#.#........... #.
#..#.#.##........
####.###..#.#.##.......#
..........#.#.#..!.....#
..............#.@S.....#
###..##.#.#.#[.......... #..
#.#.#.#.#........#
#.###'#+#.#.#........#
#.#.......#.#.#+######
###.#.......#.#.#
#.................
....#####.#.#.#.#.#
....#####.........#########..#


You could see an adder.

Vanquished Creatures
  3 dart slugs (D:1)
  3 endoplasms
  A giant cockroach (D:1)
  A hobgoblin (D:1)
  3 jackals (D:1)
  2 kobolds (D:1)
  5 ball pythons
  3 bats
  2 frilled lizards (D:1)
  8 rats
31 creatures vanquished.

Vanquished Creatures (collateral kills)
  An endoplasm (D:1)
  A rat (D:1)
2 creatures vanquished.

Grand Total: 33 creatures vanquished

Notes
Turn   | Place    | Note
-------+----------+-------------------------------------------
     0 | D:1      | MethHeadLuigi the Human Necromancer began the quest for the
                  | Orb.
     0 | D:1      | Reached XP level 1. HP: 13/13 MP: 3/3
    87 | D:1      | Reached XP level 2. HP: 19/19 MP: 1/5
   504 | D:1      | Reached XP level 3. HP: 21/24 MP: 0/6
  1025 | D:2      | Slain by an adder

Illustrated notes

Levels and vault maps discovered:
D:1:      onia_arrival_handbag, layout_rooms
D:2:      layout_basic

Action                     || total
---------------------------++-------
  Melee: Unarmed           ||     3
         Dagger            ||    24
         Punch             ||     1
   Cast: Necrotise         ||    50
 Armour: Robe              ||    10
  Dodge: Dodged            ||    24

Table legend: (Time is in decaauts)
 A = Elapsed time spent in this place.
 B = Non-inter-level travel time spent in this place.
 C = Inter-level travel time spent in this place.
 D = Time resting spent in this place.
 E = Time spent auto-exploring this place.
 F = Levels seen in this place.
 G = Mean time per level.
                   A        B        C        D        E       F      G
               +--------+--------+--------+--------+--------+-----+--------+
         Total |   1024 |   1024 |      0 |    237 |    195 |   2 |  512.0 |
       Dungeon |   1024 |   1024 |      0 |    237 |    195 |   2 |  512.0 |
               +--------+--------+--------+--------+--------+-----+--------+

Top non-repeatable levels by time:
     D:1: 889 daAuts
     D:2: 134 daAuts
